 Dungeon Crawl Stone Soup version 0.30-a0-29-g142975f185 (webtiles) character file.

Game seed: 14055610301086716398

2 Shayle the Vexing (level 1, -5/13 HPs)
             Began as a Vampire Enchanter on Aug 26, 2022.
             Slain by a gnoll
             ... wielding a +0 spear
              (9 damage)
             ... on level 1 of the Dungeon.
             The game lasted 00:00:45 (132 turns).

Shayle the Vexing (Vampire Enchanter)                Turns: 132, Time: 00:00:46

Health: -5/13      AC:  2    Str:  7    XL:     1   Next: 25%
Magic:  3/3        EV: 12    Int: 17    God:
Gold:   16         SH:  0    Dex: 14    Spells: 4/4 levels left

rFire   . . .      SeeInvis +    a - +1 dagger
rCold   . . .      Faith    .    (no shield)
rNeg    . . .      Spirit   .    b - +0 robe
rPois   .          Reflect  .    (no helmet)
rElec   .          Harm     .    (no cloak)
rCorr   .          Rampage  .    (no gloves)
Will    .....                    (no boots)
Stlth   +++.......               (no amulet)
HPRegen 0.24/turn                (no ring)
MPRegen 0.08/turn                (no ring)

@: healing quickly
A: alive, fangs 3, see invisible, vampiric 1
a: Exsanguinate


You were on level 1 of the Dungeon.
You visited 1 branch of the dungeon, and saw 1 of its levels.

You collected 16 gold pieces.

Inventory:

Hand Weapons
 a - a +1 dagger (weapon)
Armour
 b - a +0 robe (worn)
Jewellery
 d - a +6 ring of strength
Scrolls
 e - a scroll of noise {unknown}
Potions
 c - 2 potions of invisibility


   Skills:
 + Level 0.1 Fighting
 - Level 1.1 Short Blades
 + Level 0.0 Axes
 + Level 2.2 Dodging
 + Level 4.4 Stealth
 + Level 2.0 Spellcasting
 + Level 4.4 Hexes


You had 4 spell levels left.
You didn't know any spells.
Your spell library contained the following spells:

 Spells                   Type           Power      Damage    Failure   Level
 Confusing Touch          Hex            16%        N/A       10%         3
 Tukima's Dance           Hex            16%        N/A       10%         3
 Ensorcelled Hibernation  Hex/Ice        18%        N/A       12%         2
 Dazzling Flash           Conj/Hex       18%        N/A       24%         3


Dungeon Overview and Level Annotations

Branches:
Dungeon (1/15)

Altars:


Innate Abilities, Weirdness & Mutations

Your natural rate of healing is accelerated.
You have razor-sharp teeth.
You have supernaturally acute eyesight. (SInv)
You are afflicted with vampirism.


Message History

You kill the bat!
There is an open door here.
You now have 8 gold pieces.
There is an open door here.
There is a staircase leading out of the dungeon here.
As you open the door, it creaks loudly!
There is an open door here.
You now have 16 gold pieces (gained 8).
d - a +6 ring of strength A gnoll comes into view.
It is wielding a +0 spear.
Found a scroll labelled NUGRYU HAEGHU.
An endoplasm comes into view.
You see here a scroll labelled NUGRYU HAEGHU.
The endoplasm freezes you.
You are frozen.
You hit the endoplasm.
The endoplasm is severely wounded.
The endoplasm hits you but does no damage.
You hit the endoplasm.
The endoplasm is almost dead.
The endoplasm hits you.
You hit the endoplasm.
You kill the endoplasm!
e - a scroll labelled NUGRYU HAEGHU The gnoll shouts!
Okay, then.
The gnoll barely misses you.
You hit the gnoll but do no damage. The gnoll barely misses you.
You hit the gnoll.
The gnoll is lightly wounded.
The gnoll hits you with a +0 spear!
Ouch! That really hurt!
You hit the gnoll. You bite the gnoll.
The gnoll is moderately wounded.
The gnoll hits you with a +0 spear.
You hit the gnoll. You bite the gnoll.
The gnoll is severely wounded.
The gnoll hits you with a +0 spear!
Ouch! That really hurt!
You die...

................######......##.#
...#####..#..#.## #########.#
... .# #.#. ####### #.# .###.#.
#.....# #.# .......####.....#
#.# ..g.............# #.#
##.....##.....# #.#
#####g##.....# #.# #@########
#.# ####.#### ###.# #.......#
#...# #.##.##.########.###
#.##.##.......##.#
#.##.....####.##.# #.#####.##
#.##.# #.......# #....#
######### ######


You could see a gnoll.

Vanquished Creatures
  An endoplasm (D:1)
  A bat (D:1)
2 creatures vanquished.

Notes
Turn   | Place    | Note
-------+----------+-------------------------------------------
     0 | D:1      | Shayle the Vampire Enchanter began the quest for the Orb.
     0 | D:1      | Reached XP level 1. HP: 13/13 MP: 3/3
   132 | D:1      | Slain by a gnoll

Illustrated notes

Levels and vault maps discovered:
D:1:      beargit_arrival_greenhouse, layout_loops_cross,
          minmay_misc_feat_pillars, minmay_split_cup_large

Action                   || total
-------------------------++-------
Melee: Dagger            ||    11
       Bite              ||     2
       Punch             ||     1
Armor: Robe              ||     2
Dodge: Dodged            ||     5

Table legend: (Time is in decaauts)
 A = Elapsed time spent in this place.
 B = Non-inter-level travel time spent in this place.
 C = Inter-level travel time spent in this place.
 D = Time resting spent in this place.
 E = Time spent auto-exploring this place.
 F = Levels seen in this place.
 G = Mean time per level.
                   A        B        C        D        E       F      G
               +--------+--------+--------+--------+--------+-----+--------+
         Total |    131 |    131 |      0 |      0 |     90 |   1 |  131.0 |
       Dungeon |    131 |    131 |      0 |      0 |     90 |   1 |  131.0 |
               +--------+--------+--------+--------+--------+-----+--------+

Top non-repeatable levels by time:
     D:1: 131 daAuts
